APP
SEATTLE (APP) MARINERS @ BURLINGTON ROYALS
09/07/2049
 
TOP OF THE 1ST
Seattle (APP) Mariners batting - Pitching for Burlington Royals : RHP Joey Ferguson
Pitching: RHP Joey Ferguson
Batting: RHB Carlton McDonald 0-0: Ball
1-0: Ball
2-0: Foul Ball, location: 2F
2-1: Fly out, F8 (Flyball, 8LM, EV 89.4 MPH)
Batting: RHB Caleb Dean 0-0: Ball
1-0: Called Strike
1-1: Ball
2-1: Foul Ball, location: 2F
2-2: Ball
3-2: Strikes out swinging
Batting: LHB William Gonzales 0-0: Foul Ball, location: 2F
0-1: Swinging Strike
0-2: Ball
1-2: Ball
2-2: Foul Ball, location: 2F
2-2: Foul Ball, location: 2F
2-2: Ground out 5-3 (Groundball, 56, EV 93.8 MPH)
Top of the 1st over - 0 runs, 0 hits, 0 errors, 0 left on base; Seattle (APP) 0 - Burlington 0
BOTTOM OF THE 1ST
Burlington Royals batting - Pitching for Seattle (APP) Mariners : LHP Omar Gutierrez
Pitching: LHP Omar Gutierrez
Batting: RHB Kyle Finney 0-0: Ball
1-0: SINGLE (Line Drive, 8RS, EV 91.9 MPH)
Batting: RHB John Normand 0-0: Called Strike
Kyle Finney is caught stealing 2nd base 2-4
0-1: Swinging Strike
0-2: Strikes out swinging
Batting: RHB Luis Mendoza 0-0: Called Strike
0-1: Ball
1-1: Foul Ball, location: 2F
1-2: Strikes out swinging
Bottom of the 1st over - 0 runs, 1 hit, 0 errors, 0 left on base; Seattle (APP) 0 - Burlington 0
TOP OF THE 2ND
Seattle (APP) Mariners batting - Pitching for Burlington Royals : RHP Joey Ferguson
Batting: RHB Rich Griffith 0-0: Ball
1-0: Ball
2-0: Ball
3-0: Called Strike
3-1: Foul Ball, location: 2F
3-2: Foul Ball, location: 2F
3-2: Strikes out swinging
Batting: RHB Eddie Luna 0-0: Ball
1-0: Ball
2-0: Ball
3-0: Called Strike
3-1: Called Strike
3-2: Ground out 6-3 (Groundball, 6MS, EV 86.2 MPH)
Batting: RHB Joaquin Salazar 0-0: Called Strike
0-1: Ball
1-1: Foul Ball, location: 2F
1-2: Foul Ball, location: 2F
1-2: Strikes out looking
Top of the 2nd over - 0 runs, 0 hits, 0 errors, 0 left on base; Seattle (APP) 0 - Burlington 0
BOTTOM OF THE 2ND
Burlington Royals batting - Pitching for Seattle (APP) Mariners : LHP Omar Gutierrez
Batting: RHB Josh Massey 0-0: Called Strike
0-1: Ball
1-1: Called Strike
1-2: Ball
2-2: Strikes out swinging
Batting: RHB Leo Lopez 0-0: Ball
1-0: Foul Ball, location: 2F
1-1: Foul Ball, location: 2F
1-2: Ball
2-2: Strikes out swinging
Batting: RHB Matt Weddle 0-0: Called Strike
0-1: Swinging Strike
0-2: Strikes out looking
Bottom of the 2nd over - 0 runs, 0 hits, 0 errors, 0 left on base; Seattle (APP) 0 - Burlington 0
TOP OF THE 3RD
Seattle (APP) Mariners batting - Pitching for Burlington Royals : RHP Joey Ferguson
Batting: RHB Ziven Badersky 0-0: Ball
1-0: Called Strike
1-1: Swinging Strike
1-2: Strikes out swinging
Batting: LHB Garrett Dodge 0-0: Called Strike
0-1: Foul Ball, location: 2F
0-2: Strikes out looking
Batting: RHB Tristan Martin 0-0: Called Strike
0-1: Ball
1-1: Swinging Strike
1-2: Strikes out swinging
Top of the 3rd over - 0 runs, 0 hits, 0 errors, 0 left on base; Seattle (APP) 0 - Burlington 0
BOTTOM OF THE 3RD
Burlington Royals batting - Pitching for Seattle (APP) Mariners : LHP Omar Gutierrez
Batting: RHB Nick Spriggs 0-0: Ball
1-0: Ball
2-0: Ball
3-0: Base on Balls
Batting: RHB Danny Jefferies 0-0: Called Strike
0-1: Called Strike
Nick Spriggs steals 2nd base
0-2: Strikes out swinging
Batting: RHB Jimmy Black 0-0: Ball
1-0: Foul Ball, location: 2F
1-1: Ball
2-1: Foul Ball, location: 2F
2-2: Foul Ball, location: 2F
2-2: Ball
3-2: Strikes out swinging
Batting: RHB Kyle Finney 0-0: Ball
1-0: Ball
2-0: Ball
3-0: Called Strike
3-1: Foul Ball, location: 2F
3-2: Base on Balls
Batting: RHB John Normand 0-0: Fly out, F8 (Line Drive, 8LM, EV 95.6 MPH)
Bottom of the 3rd over - 0 runs, 0 hits, 0 errors, 2 left on base; Seattle (APP) 0 - Burlington 0
TOP OF THE 4TH
Seattle (APP) Mariners batting - Pitching for Burlington Royals : RHP Joey Ferguson
Batting: RHB Carlton McDonald 0-0: Called Strike
0-1: Swinging Strike
0-2: Ground out 5-3 (Groundball, 5L, EV 81.2 MPH)
Batting: RHB Caleb Dean 0-0: Called Strike
0-1: Ball
1-1: Ball
2-1: Ball
3-1: Foul Ball, location: 2F
3-2: Strikes out swinging
Batting: LHB William Gonzales 0-0: Ball
1-0: Ball
2-0: Ball
3-0: Called Strike
3-1: Base on Balls
Batting: RHB Rich Griffith 0-0: Called Strike
0-1: Fly out, F8 (Flyball, 89S, EV 86.9 MPH)
Top of the 4th over - 0 runs, 0 hits, 0 errors, 1 left on base; Seattle (APP) 0 - Burlington 0
BOTTOM OF THE 4TH
Burlington Royals batting - Pitching for Seattle (APP) Mariners : LHP Omar Gutierrez
Batting: RHB Luis Mendoza 0-0: Called Strike
0-1: Swinging Strike
0-2: Strikes out swinging
Batting: RHB Josh Massey 0-0: Ball
1-0: Called Strike
1-1: Foul Ball, location: 2F
1-2: Ball
2-2: Strikes out swinging, 2-3 out at first.
Batting: RHB Leo Lopez 0-0: Called Strike
0-1: Ball
1-1: Swinging Strike
1-2: Foul Ball, location: 2F
1-2: Ball
2-2: Ball
3-2: Strikes out swinging
Bottom of the 4th over - 0 runs, 0 hits, 0 errors, 0 left on base; Seattle (APP) 0 - Burlington 0
TOP OF THE 5TH
Seattle (APP) Mariners batting - Pitching for Burlington Royals : RHP Joey Ferguson
Batting: RHB Eddie Luna 0-0: Ball
1-0: Ball
2-0: Ball
3-0: Called Strike
3-1: SINGLE (Line Drive, 8LS, EV 94.4 MPH)
Batting: RHB Joaquin Salazar 0-0: Ball
1-0: Foul Ball, location: 2F
1-1: Ball
2-1: Fly out, F8 (Flyball, 8LM, EV 88.1 MPH)
Batting: RHB Ziven Badersky 0-0: Ball
1-0: Foul Ball, location: 2F
1-1: Foul Ball, location: 2F
1-2: SINGLE (Flyball, 4MD, EV 85.0 MPH)
Eddie Luna to second
Batting: LHB Garrett Dodge 0-0: Foul Ball, location: 2F
0-1: Ball
1-1: Called Strike
1-2: Ball
2-2: Strikes out swinging
Pitching: LHP David Wright
Pinch Hitting: LHB Yoshihisa Kobayashi 0-0: Ball
1-0: Foul Ball, location: 2F
1-1: DOUBLE (Line Drive, 8RD, EV 107.5 MPH)
Eddie Luna scores
Ziven Badersky to third
Runner from 3rd tries for Home, SAFE, no throw by CF
Batting: RHB Carlton McDonald 0-0: Swinging Strike
0-1: Ball
1-1: Foul Ball, location: 2F
1-2: Ground out 4-3 (Groundball, 4, EV 88.1 MPH)
Top of the 5th over - 2 runs, 3 hits, 0 errors, 1 left on base; Seattle (APP) 2 - Burlington 0
BOTTOM OF THE 5TH
Burlington Royals batting - Pitching for Seattle (APP) Mariners : LHP Omar Gutierrez
Now in LF: Ryan Daniels
Batting: RHB Matt Weddle 0-0: Ball
1-0: Swinging Strike
1-1: Called Strike
1-2: Strikes out swinging
Batting: RHB Nick Spriggs 0-0: Called Strike
0-1: Ball
1-1: Swinging Strike
1-2: Strikes out looking
Batting: RHB Danny Jefferies 0-0: Called Strike
0-1: Foul Ball, location: 2F
0-2: Fly out, F7 (Flyball, 7D, EV 101.2 MPH)
Bottom of the 5th over - 0 runs, 0 hits, 0 errors, 0 left on base; Seattle (APP) 2 - Burlington 0
TOP OF THE 6TH
Seattle (APP) Mariners batting - Pitching for Burlington Royals : LHP David Wright
Batting: RHB Caleb Dean 0-0: DOUBLE (Line Drive, 9LS, EV 98.1 MPH)
Batting: LHB William Gonzales 0-0: Called Strike
0-1: Called Strike
0-2: Ball
1-2: DOUBLE (Line Drive, 5D, EV 94.4 MPH)
Caleb Dean scores
Batting: RHB Rich Griffith 0-0: Swinging Strike
0-1: Called Strike
0-2: Ball
1-2: Strikes out swinging
Batting: RHB Eddie Luna 0-0: Foul Ball, location: 2F
0-1: Foul Ball, location: 2F
0-2: SINGLE (Groundball, 25, EV 73.1 MPH) (infield hit)
William Gonzales to third
Batting: RHB Joaquin Salazar 0-0: Fielders Choice at 2nd, 6-4 (Groundball, 6, EV 101.9 MPH)
William Gonzales scores
Pitching: RHP David Bialas
Batting: RHB Ziven Badersky 0-0: Called Strike
Joaquin Salazar steals 2nd base
0-1: Foul Ball, location: 2F
0-2: Ball
1-2: Ball
2-2: SINGLE (Groundball, 34D, EV 98.1 MPH)
Joaquin Salazar to third
Runner from 3rd tries for Home, SAFE, throw by RF to home
Batting: LHB Garrett Dodge 0-0: Ball
1-0: Ball
2-0: Ball
Ziven Badersky is caught stealing 2nd base 2-6
Top of the 6th over - 3 runs, 4 hits, 0 errors, 0 left on base; Seattle (APP) 5 - Burlington 0
BOTTOM OF THE 6TH
Burlington Royals batting - Pitching for Seattle (APP) Mariners : LHP Omar Gutierrez
Batting: RHB Jimmy Black 0-0: SINGLE (Line Drive, 3D, EV 108.8 MPH)
Batting: RHB Kyle Finney 0-0: Called Strike
0-1: Swinging Strike
0-2: Ball
1-2: Ball
2-2: Strikes out swinging
Batting: RHB John Normand 0-0: Swinging Strike
0-1: Swinging Strike
0-2: Strikes out looking
Batting: RHB Luis Mendoza 0-0: Foul Ball, location: 2F
0-1: Ball
Wild Pitch!
Jimmy Black to second
1-1: Ball
2-1: Ground out 6-3 (Groundball, 56, EV 80.6 MPH)
Bottom of the 6th over - 0 runs, 1 hit, 0 errors, 1 left on base; Seattle (APP) 5 - Burlington 0
TOP OF THE 7TH
Seattle (APP) Mariners batting - Pitching for Burlington Royals : RHP David Bialas
Batting: LHB Garrett Dodge 0-0: Ball
1-0: Swinging Strike
1-1: Ball
2-1: Foul Ball, location: 2F
2-2: Strikes out swinging
Batting: LHB Ryan Daniels 0-0: Ball
1-0: Ball
2-0: Ball
3-0: Called Strike
3-1: Base on Balls
Pitching: RHP Ryan Robbins
Batting: RHB Carlton McDonald 0-0: Called Strike
0-1: Fly out, F7 (Flyball, 78D, EV 78.8 MPH)
Batting: RHB Caleb Dean 0-0: Hit by Pitch
Ryan Daniels to second
Batting: LHB William Gonzales 0-0: 3-RUN HOME RUN (Flyball, 9D, EV 100.0 MPH), Distance : 381 ft
Batting: RHB Rich Griffith 0-0: Ball
1-0: Ball
2-0: Foul Ball, location: 2F
2-1: Called Strike
2-2: Foul Ball, location: 2F
2-2: Ball
3-2: Base on Balls
Batting: RHB Eddie Luna 0-0: Ball
1-0: Called Strike
1-1: Ball
2-1: Ball
3-1: Foul Ball, location: 2F
3-2: Foul Ball, location: 2F
3-2: Base on Balls
Rich Griffith to second
Pitching: LHP Omar Nogueira
Batting: RHB Joaquin Salazar 0-0: Foul Ball, location: 2F
0-1: Ball
1-1: Called Strike
1-2: Foul Ball, location: 2F
1-2: Foul Ball, location: 2F
1-2: Foul Ball, location: 2F
1-2: Foul Ball, location: 2F
1-2: Strikes out swinging
Top of the 7th over - 3 runs, 1 hit, 0 errors, 2 left on base; Seattle (APP) 8 - Burlington 0
BOTTOM OF THE 7TH
Burlington Royals batting - Pitching for Seattle (APP) Mariners : LHP Omar Gutierrez
Batting: RHB Josh Massey 0-0: Ball
1-0: Ball
2-0: Ball
3-0: Called Strike
3-1: Foul Ball, location: 2F
3-2: Base on Balls
Pitching: RHP Jayden Ross
Pinch Hitting: RHB Ramiro Castillo 0-0: Called Strike
0-1: Swinging Strike
0-2: Strikes out swinging
Pinch Hitting: LHB Javy Rueda 0-0: Called Strike
0-1: Ball
1-1: Foul Ball, location: 2F
1-2: Strikes out swinging
Batting: RHB Nick Spriggs 0-0: Swinging Strike
0-1: DOUBLE (Line Drive, 9LM, EV 108.1 MPH)
Josh Massey to third
Runner from 3rd tries for Home, SAFE, no throw by RF
Pinch Hitting: RHB Chris Stec 0-0: Ball
1-0: Fly out, F9 (Flyball, 9D, EV 101.9 MPH)
Bottom of the 7th over - 1 run, 1 hit, 0 errors, 1 left on base; Seattle (APP) 8 - Burlington 1
TOP OF THE 8TH
Seattle (APP) Mariners batting - Pitching for Burlington Royals : LHP Omar Nogueira
Now at 1B: Chris Stec
Now in LF: Ramiro Castillo
Now in RF: Javy Rueda
Batting: RHB Ziven Badersky 0-0: Ball
1-0: Ball
2-0: Ball
3-0: Base on Balls
Pinch Hitting: SHB Frank Amato 0-0: Called Strike
0-1: Ball
1-1: Ball
2-1: Foul Ball, location: 2F
2-2: Foul Ball, location: 2F
2-2: Ball
3-2: DOUBLE (Line Drive, 8RXD, EV 104.4 MPH)
Ziven Badersky to third
Pitching: RHP Jay Foster
Batting: LHB Ryan Daniels 0-0: Ball
1-0: Called Strike
1-1: Called Strike
1-2: Ground out 4-3 (Groundball, 4, EV 78.1 MPH)
Ziven Badersky scores
Frank Amato to third
Batting: RHB Carlton McDonald 0-0: Ball
1-0: Ball
2-0: Ball
3-0: Base on Balls
Batting: RHB Caleb Dean 0-0: Called Strike
0-1: Foul Ball, location: 2F
0-2: Strikes out swinging
Batting: LHB William Gonzales 0-0: Called Strike
0-1: Ball
1-1: Ball
2-1: Ball
3-1: Base on Balls
Carlton McDonald to second
Batting: RHB Rich Griffith 0-0: Ball
1-0: Fly out, F8 (Flyball, 8RD, EV 93.1 MPH)
Top of the 8th over - 1 run, 1 hit, 0 errors, 3 left on base; Seattle (APP) 9 - Burlington 1
BOTTOM OF THE 8TH
Burlington Royals batting - Pitching for Seattle (APP) Mariners : RHP Jayden Ross
Now in RF: Steve Carmichael
Batting: RHB Jimmy Black 0-0: Swinging Strike
0-1: Called Strike
0-2: Foul Ball, location: 2F
0-2: Fly out, F9 (Flyball, 9, EV 85.6 MPH)
Batting: RHB Kyle Finney 0-0: Ball
1-0: Foul Ball, location: 2F
1-1: Ball
2-1: Swinging Strike
2-2: Ball
3-2: Strikes out swinging, 2-3 out at first.
Pinch Hitting: SHB Gary Woodroffe 0-0: Ball
1-0: Ball
2-0: Foul Ball, location: 2F
2-1: Ball
3-1: Ground out 1-3 (Groundball, 34S, EV 69.4 MPH)
Bottom of the 8th over - 0 runs, 0 hits, 0 errors, 0 left on base; Seattle (APP) 9 - Burlington 1
TOP OF THE 9TH
Seattle (APP) Mariners batting - Pitching for Burlington Royals : RHP Jay Foster
Now at SS: Esteban Acuna
Batting: RHB Eddie Luna 0-0: SOLO HOME RUN (Flyball, 78XD, EV 106.2 MPH), Distance : 418 ft
Batting: RHB Joaquin Salazar 0-0: Ball
1-0: Ball
2-0: Ground out 6-3 (Groundball, 6, EV 104.4 MPH)
Batting: RHB Ziven Badersky 0-0: Ball
1-0: Called Strike
1-1: Ball
2-1: Called Strike
2-2: Ball
3-2: Base on Balls
Batting: RHB Steve Carmichael 0-0: Ball
1-0: Ball
2-0: Foul Ball, location: 2F
2-1: Fly out, F8 (Line Drive, 8RM, EV 85.0 MPH)
Batting: LHB Ryan Daniels 0-0: Called Strike
0-1: 2-RUN HOME RUN (Flyball, 89XD, EV 108.1 MPH), Distance : 428 ft
Pitching: RHP Chris Elliott
Batting: RHB Carlton McDonald 0-0: Foul Ball, location: 2F
0-1: Foul Ball, location: 2F
0-2: Foul Ball, location: 2F
0-2: Foul Ball, location: 2F
0-2: Foul Ball, location: 2F
0-2: SINGLE (Line Drive, 78S, EV 103.8 MPH)
Batting: RHB Caleb Dean 0-0: Swinging Strike
0-1: Called Strike
0-2: Strikes out swinging
Top of the 9th over - 3 runs, 3 hits, 0 errors, 1 left on base; Seattle (APP) 12 - Burlington 1
BOTTOM OF THE 9TH
Burlington Royals batting - Pitching for Seattle (APP) Mariners : RHP Jayden Ross
Batting: RHB Luis Mendoza 0-0: Ball
1-0: Ball
2-0: Ball
3-0: Base on Balls
Batting: RHB Josh Massey 0-0: Swinging Strike
0-1: Foul Ball, location: 2F
0-2: Strikes out looking
Pinch Hitting: RHB Simon Sultzbach 0-0: Foul Ball, location: 2F
0-1: Grounds into double play, 4-6-3 (Groundball, 4, EV 76.9 MPH)
Bottom of the 9th over - 0 runs, 0 hits, 0 errors, 0 left on base; Seattle (APP) 12 - Burlington 1
Sunday, July 16th , 2023 - OOTP Baseball 24.6 Build 69